 Dungeon Crawl Stone Soup version 0.30-a0-808-g6e0788376e (webtiles) character file.

Game seed: 18206956264022363996

7610 Pooter the Skirmisher (level 10, -20/90 HPs)
             Began as a Minotaur Berserker on Feb 25, 2023.
             Was a Priest of Trog.
             Demolished by a two-headed ogre
             ... wielding a +0 giant club
              (26 damage)
             ... on level 9 of the Dungeon.
             The game lasted 00:48:07 (8718 turns).

Pooter the Skirmisher (Minotaur Berserker)          Turns: 8718, Time: 00:48:08

Health: -20/90     AC: 15    Str: 25    XL:     10   Next: 98%
Magic:  5/9        EV: 12    Int:  4    God:    Trog [***...]
Gold:   9          SH:  8    Dex: 17    Spells: 9/9 levels left

rFire   . . .      SeeInvis .    a - +1 war axe
rCold   . . .      Faith    .    i - +0 kite shield
rNeg    . . .      Spirit   .    z - +1 chain mail
rPois   .          Reflect  .    (helmet restricted)
rElec   .          Harm     .    A - +0 cloak
rCorr   .          Rampage  .    w - +2 pair of gloves
Will    .....                    S - +0 pair of boots
Stlth   +                        (no amulet)
HPRegen 0.35/turn                T - +6 ring of dexterity
MPRegen 0.11/turn                F - +5 ring of evasion

@: on berserk cooldown, slowed, very slow
A: horns 2, retaliatory headbutt
a: Renounce Religion, Berserk, Trog's Hand


You were on level 9 of the Dungeon.
You worshipped Trog.
Trog was most pleased with you.
You visited 1 branch of the dungeon, and saw 9 of its levels.

You collected 420 gold pieces.
You spent 411 gold pieces at shops.

Inventory:

Hand Weapons
 a - a +1 war axe (weapon)
   (You took it off an orc priest on level 7 of the Dungeon)
 b - the +10 sling of the Omega Point {antimagic, +Blink rC+ Dex+2 Stlth+}
   (You bought it in a shop on level 6 of the Dungeon)

   Dex:       It affects your dexterity (+2).
   rC:        It protects you from cold.
   +Blink:    It lets you blink.
   Stlth:     It makes you more stealthy.
 v - a +0 hand axe
 I - a +2 scimitar of flaming
   (You took it off Maggie on level 7 of the Dungeon)
 K - the +7 short sword "Gusch" {freeze, rF+ rC+ Will- Dex+2}
   (You found it on level 2 of the Dungeon)

   Dex:       It affects your dexterity (+2).
   rF:        It protects you from fire.
   rC:        It protects you from cold.
   Will:      It decreases your willpower.
 M - a +0 halberd
   (You took it off a wight on level 8 of the Dungeon)
Missiles
 k - 6 poisoned darts
 x - 2 throwing nets {!f}
 O - 2 boomerangs
 Q - 41 stones (quivered)
Armour
 i - a +0 kite shield (worn)
   (You took it off a gnoll sergeant on level 9 of the Dungeon)
 n - an orb of mayhem
   (You found it on level 8 of the Dungeon)
 w - a +2 pair of gloves (worn)
   (You found it on level 2 of the Dungeon)
 z - a +1 chain mail (worn)
   (You took it off an orc on level 4 of the Dungeon)
 A - a +0 cloak (worn)
   (You took it off Crazy Yiuf on level 4 of the Dungeon)
 S - a +0 pair of boots (worn)
   (You found it on level 8 of the Dungeon)
Jewellery
 B - a ring of fire
   (You found it on level 5 of the Dungeon)
 F - a +5 ring of evasion (right hand)
   (You found it on level 6 of the Dungeon)
 P - a ring of poison resistance
   (You found it on level 6 of the Dungeon)
 T - a +6 ring of dexterity (left hand)
   (You found it on level 1 of the Dungeon)
Wands
 d - a wand of iceblast (20)
   (You found it on level 6 of the Dungeon)
 f - a wand of flame (7)
   (You found it on level 8 of the Dungeon)
 u - a wand of paralysis (15)
   (You found it on level 2 of the Dungeon)
 y - a wand of polymorph (10)
   (You took it off an orc on level 4 of the Dungeon)
Scrolls
 h - 2 scrolls of noise {!r}
 l - 2 scrolls of fear
 m - 2 scrolls of immolation {!r}
 p - 2 scrolls of vulnerability {!r}
 t - 4 scrolls of teleportation {@r4}
 N - a scroll of blinking
Potions
 c - 2 potions of cancellation
 e - 2 potions of lignification {!q}
 g - 2 potions of attraction {!q}
 j - 8 potions of curing {@q1}
 o - 5 potions of heal wounds {@q2}
 C - 2 potions of might {unknown}
 D - 3 potions of flight
 E - a potion of haste {unknown}
 H - 2 potions of mutation {unknown}
 R - a potion of degeneration {unknown}


   Skills:
 + Level 8.5 Fighting
 - Level 8.8 Short Blades
 * Level 6.0 Axes
 * Level 9.6 Ranged Weapons
 - Level 2.4 Armour
 - Level 2.1 Dodging
 + Level 6.7 Stealth
 + Level 1.0 Shields
 + Level 4.8 Evocations


You had 9 spell levels left.
You didn't know any spells.
Your spell library was empty.

Dungeon Overview and Level Annotations

Branches:
Dungeon (9/15)             Temple (0/1) D:5            Lair (0/5) D:8
    Orc: D:9-12

Altars:
Cheibriados
Fedhas
Makhleb
Qazlal
Ru
Zin

Shops:
D:1 [   D:6 *   D:9 !


Innate Abilities, Weirdness & Mutations

You have a pair of horns on your head.
You reflexively headbutt those who attack you in melee.


Message History

You barely miss the yak. Your headbutt misses the yak. You barely miss the yak.
The yak gores you! You block the yak's attack.
You slash the yak! You headbutt the yak!! You hit the yak.
You block the yak's attack. The yak gores you but does no damage.
You slash the yak!
You kill the yak!
Trog accepts your kill.
You hit the yak but do no damage. The yak barely misses you.
You barely miss the yak. Your headbutt misses the yak.
You closely miss the yak. The yak gores you!
The yak gores you but does no damage.
You barely miss the yak. Your headbutt misses the yak. You slash the yak!
The yak gores you! The yak gores you.
You slash the yak! Your headbutt misses the yak. You hit the yak.
The yak gores you but does no damage. You block the yak's attack.
You slash the yak! x2
You are no longer berserk.
You are exhausted.
You feel yourself slow down. The yak gores you but does no damage.
The yak gores you!
You hit the yak. You slash the yak!
You kill the yak!
Trog accepts your kill. The yak barely misses you.
The yak gores you but does no damage.
Your Axes skill increases to level 6!
Your Shields skill increases to level 1!
The yak closely misses you. The yak gores you but does no damage.
You see here a yak corpse.
The helpless two-headed ogre fails to defend itself.
You slash the two-headed ogre! You headbutt the two-headed ogre!
You slash the yak! You block the yak's attack. The yak gores you!
* * * LOW HITPOINT WARNING * * *
The helpless two-headed ogre fails to defend itself.
You slice the two-headed ogre!! You hit the yak.
The two-headed ogre is no longer paralysed.
You block the yak's attack.
The two-headed ogre hits you with a +0 giant club!
* * * LOW HITPOINT WARNING * * *
The two-headed ogre hits you with a +0 giant club!
* * * LOW HITPOINT WARNING * * *
You block the yak's attack.
You barely miss the two-headed ogre. You slash the yak!
You kill the yak!
Trog accepts your kill.
The two-headed ogre hits you with a +0 giant club!
* * * LOW HITPOINT WARNING * * *
The two-headed ogre hits you with a +0 giant club.
* * * LOW HITPOINT WARNING * * *
The two-headed ogre hits you with a +0 giant club!!
You die...

#......#......#......#......#...
#.....##......#......#......#...
##....#.......#......######'#...
#....#.......#.................
#....#.......#>................
#....######'##.................
#..............................
#..#######...#'#############...
#..#.....#...#@†......,,,>,#...
#..#.....#...#.O......,,,,,#...
#..#.....#...#........,,,,,#...
#..#.....#...#........,,,,,#...
#..#.....#...#........,,,,,#...
#..'.....#...#........,,,,,#...
#..#.....#...#........,,,,,#...
#..#.....#...#######..,,,,,#...
#..##+####.........#,,,,,,.#...


You could see a two-headed ogre.

Vanquished Creatures
  A deep elf pyromancer (D:7)
  Maggie (D:7)
  Sigmund (D:2)
  A vampire (D:9)
  21 yaks
  2 steam dragons (D:8)
  3 water moccasins
  An ogre (D:7)
  An ice beast (D:7)
  A sky beast (D:7)
  3 centaurs
  A kobold brigand (D:8)
  A gnoll sergeant (D:9)
  3 bullfrogs
  2 scorpions
  10 wights
  10 killer bees
  5 howler monkeys
  6 hounds
  A jelly (D:5)
  An orc priest (D:7)
  Crazy Yiuf (D:4)
  7 iguanas
  4 orc wizards
  Robin (D:2)
  15 gnolls
  8 adders
  3 shadow imps
  A white imp (D:8)
  A worm (D:2)
  2 dart slugs
  22 orcs
  7 endoplasms
  3 giant cockroaches
  16 goblins
  13 hobgoblins
  7 jackals (D:1)
  A quokka (D:5)
  5 ball pythons
  9 bats
  4 frilled lizards
  6 kobolds
  5 rats
217 creatures vanquished.

Vanquished Creatures (collateral kills)
  A yak (D:9)
1 creature vanquished.

Vanquished Creatures (others)
  A yak (D:9)
  5 plants
6 creatures vanquished.

Grand Total: 224 creatures vanquished

Notes
Turn   | Place    | Note
-------+----------+-------------------------------------------
     0 | D:1      | Pooter the Minotaur Berserker began the quest for the Orb.
     0 | D:1      | Reached XP level 1. HP: 19/19 MP: 0/0
   146 | D:1      | Reached skill level 1 in Stealth
   146 | D:1      | Reached XP level 2. HP: 26/27 MP: 1/1
   564 | D:1      | Found Huatzig's Armour Shoppe.
   604 | D:1      | Reached XP level 3. HP: 33/33 MP: 2/2
   710 | D:1      | Reached ** piety under Trog
   947 | D:2      | Found a sacrificial altar of Ru.
   998 | D:2      | Noticed Robin
  1010 | D:2      | Killed Robin
  1019 | D:2      | Reached XP level 4. HP: 40/40 MP: 3/3
  1139 | D:2      | Noticed Sigmund
  1253 | D:2      | Killed Sigmund
  1254 | D:2      | Reached skill level 2 in Ranged Weapons
  1254 | D:2      | Reached XP level 5. HP: 47/47 MP: 4/4
  1411 | D:2      | Identified the +7 short sword "Gusch" {freeze, rF+ rC+
                  | Will- Dex+2}
  1960 | D:3      | Reached XP level 6. HP: 44/55 MP: 5/5
  2582 | D:4      | Reached skill level 1 in Short Blades
  2617 | D:4      | Reached skill level 5 in Fighting
  2617 | D:4      | Reached skill level 5 in Axes
  2632 | D:4      | Reached skill level 3 in Ranged Weapons
  2797 | D:4      | Reached XP level 7. HP: 61/61 MP: 6/6
  2844 | D:4      | You fall into a shaft and drop 1 floor!
  2844 | D:5      | Entered Level 5 of the Dungeon
  2933 | D:5      | Found a staircase to the Ecumenical Temple.
  3054 | D:4      | Found a runed translucent door.
  3055 | D:4      | Noticed Crazy Yiuf
  3249 | D:4      | Killed Crazy Yiuf
  3337 | D:4      | Reached skill level 4 in Ranged Weapons
  3583 | D:5      | Found a snail-covered altar of Cheibriados.
  3845 | D:6      | Found Ebaig's Assorted Antiques.
  3856 | D:6      | Reached XP level 8. HP: 69/69 MP: 7/7
  3918 | D:6      | Bought a bloodstained sling for 188 gold pieces
  3918 | D:6      | Identified the +10 sling of the Omega Point {antimagic,
                  | +Blink rC+ Dex+2 Stlth+} (You bought it in a shop on level
                  | 6 of the Dungeon)
  3918 | D:6      | Bought a scroll labelled GECIFUTA GEER for 29 gold pieces
  4045 | D:6      | Bought a scroll labelled TYETHR RYDIYRR for 29 gold pieces
  4240 | D:6      | Found a stormy altar of Qazlal.
  4240 | D:6      | Found a blossoming altar of Fedhas.
  4377 | D:6      | Found a burning altar of Makhleb.
  4378 | D:6      | Noticed a blizzard demon
  4440 | D:6      | Found a glowing silver altar of Zin.
  4440 | D:6      | Noticed an angel
  4626 | D:6      | Reached skill level 5 in Ranged Weapons
  4813 | D:7      | Reached skill level 1 in Evocations
  4885 | D:7      | Noticed a deep elf pyromancer
  4902 | D:7      | Killed a deep elf pyromancer
  4903 | D:7      | Reached skill level 5 in Short Blades
  4903 | D:7      | Reached skill level 6 in Ranged Weapons
  4903 | D:7      | Reached skill level 5 in Stealth
  4967 | D:7      | Noticed Dowan
  4969 | D:7      | Noticed Duvessa
  4970 | D:7      | Dowan changed into Dowan the howler monkey
  4970 | D:7      | Noticed Dowan
  4974 | D:7      | Duvessa changed into Duvessa the ogre
  4974 | D:7      | Noticed Duvessa
  4980 | D:7      | Killed Duvessa the ogre
  4981 | D:7      | Reached XP level 9. HP: 78/78 MP: 2/8
  4981 | D:7      | Killed Dowan the howler monkey
  5010 | D:7      | Noticed Maggie
  5021 | D:7      | Killed Maggie
  5336 | D:7      | Reached skill level 7 in Ranged Weapons
  5764 | D:8      | Reached *** piety under Trog
  6930 | D:6      | Bought a scroll of identify for 58 gold pieces
  6930 | D:6      | Bought 2 emerald potions for 52 gold pieces
  6998 | D:8      | Reached XP level 10. HP: 86/86 MP: 2/9
  7001 | D:8      | Reached skill level 8 in Ranged Weapons
  7413 | D:8      | Found a staircase to the Lair.
  8260 | D:9      | Found Bedworgh's Distillery.
  8267 | D:9      | Bought a potion of heal wounds for 55 gold pieces
  8279 | D:9      | Reached skill level 9 in Ranged Weapons
  8632 | D:9      | Identified the +0 hand axe "Voisaad" {freeze, Str+2}
  8694 | D:9      | Noticed a two-headed ogre
  8715 | D:9      | Reached skill level 1 in Shields
  8718 | D:9      | Demolished by a two-headed ogre

Illustrated notes

Levels and vault maps discovered:
D:1:      ncdulo_halloftheorcs, layout_loops_cross, serial_shops,
          nicolae_shop_hallway_stairs
D:2:      layout_rooms, basic_altar, uniq_robin, uniq_sigmund
D:3:      layout_loops_cross, hangedman_feature_mirror
D:4:      minmay_evil_eye, layout_rooms, serial_forest,
          infiniplex_forest_lined_2, infiniplex_forest_clump_small,
          infiniplex_forest_clump_C, infiniplex_forest_clump_cross,
          kennysheep_doodads, grunt_decor_arrowhead, uniq_crazy_yiuf_cottage
D:5:      layout_rooms, lemuel_coloured_pillars_altar,
          minmay_temple_entry_overgrown, minivault_14
D:6:      wad_pebble_path, layout_loops_corners,
          grunt_temple_overflow_order_and_chaos_2,
          grunt_temple_overflow_forces_of_nature, serial_shops, shop
D:7:      layout_loops_ring, uniq_maggie, uniq_duvessa
D:8:      nicolae_BIG_FREAKIN_CUBE, layout_basic
D:9:      layout_irregular_city, minitemple, serial_shops, kennysheep_little_box

Skill      XL: |  1  2  3  4  5  6  7  8  9 10 |
---------------+-------------------------------+-----
Stealth        | 1 2 3 4 5 6 |  6.7
Axes           | 4 5 6 |  6.0
Fighting       | 4 5 6 7 8 |  8.5
Ranged Weapons | 2 3 4 6 7 9 |  9.6
Short Blades   | 2 3 5 7 8 |  8.8
Evocations     | 2 3 4 |  4.8
Shields        | 1 |  1.0
Armour         | |  2.4
Dodging        | |  2.1

Action                     |  1- 3 |  4- 6 |  7- 9 | 10-12 || total
---------------------------+-------+-------+-------+-------++-------
  Melee: Hand axe          |    72 |    32 |       |       ||   104
         Headbutt          |    10 |    15 |    31 |    22 ||    78
         Punch             |     1 |     1 |     2 |     2 ||     6
         Short sword       |       |    50 |   169 |    66 ||   285
         War axe           |       |       |       |    46 ||    46
   Fire: Sling             |       |    46 |    87 |    39 ||   172
  Throw: Stone             |     2 |       |       |       ||     2
 Invoke: Trog's Hand       |     1 |     3 |     8 |     1 ||    13
         Berserk           |     1 |     2 |     8 |     4 ||    15
  Evoke: Wand              |       |       |     6 |     1 ||     7
    Use: Scroll            |     1 |     4 |     7 |    10 ||    22
   Stab: Sleeping          |     4 |     2 |       |       ||     6
         Paralysed         |       |       |       |     2 ||     2
 Armour: Animal skin       |    13 |    11 |       |       ||    24
         Scale mail        |       |    18 |       |       ||    18
         Chain mail        |       |       |    53 |    52 ||   105
  Dodge: Dodged            |    39 |    50 |    84 |    69 ||   242
  Block: Kite shield       |       |       |       |    10 ||    10

Table legend: (Time is in decaauts)
 A = Elapsed time spent in this place.
 B = Non-inter-level travel time spent in this place.
 C = Inter-level travel time spent in this place.
 D = Time resting spent in this place.
 E = Time spent auto-exploring this place.
 F = Levels seen in this place.
 G = Mean time per level.
                   A        B        C        D        E       F      G
               +--------+--------+--------+--------+--------+-----+--------+
         Total |   8819 |   8465 |    354 |   1857 |   5011 |   9 |  979.9 |
       Dungeon |   8819 |   8465 |    354 |   1857 |   5011 |   9 |  979.9 |
               +--------+--------+--------+--------+--------+-----+--------+

Top non-repeatable levels by time:
     D:8: 1781 daAuts
     D:9: 1205 daAuts
     D:6: 1045 daAuts
     D:1: 1027 daAuts
     D:7: 950 daAuts
     D:4: 814 daAuts
     D:3: 742 daAuts
     D:2: 732 daAuts
     D:5: 521 daAuts
